 Dungeon Crawl Stone Soup version 0.29.1-12-g30fa7ad0bf (webtiles) character file.

Game seed: 8751288265458272570

69 munchyjoey the Trooper (level 4, -2/41 HPs)
             Began as a Minotaur Berserker on Dec 21, 2022.
             Was a Believer of Trog.
             Slain by a gnoll
             ... wielding a +0 halberd
              (10 damage)
             ... on level 2 of the Dungeon.
             The game lasted 00:08:50 (568 turns).

munchyjoey the Trooper (Minotaur Berserker)          Turns: 568, Time: 00:08:51

Health: -2/41      AC: 13    Str: 23    XL:     4   Next: 2%
Magic:  3/3        EV:  7    Int:  4    God:    Trog [**....]
Gold:   66         SH:  0    Dex: 10    Spells: 3/3 levels left

rFire   + . .      SeeInvis .   a - +0 hand axe
rCold   . . .      Faith    .   (no shield)
rNeg    . . .      Spirit   .   c - +2 plate armour {rF+}
rPois   .          Reflect  .   (helmet restricted)
rElec   .          Harm     .   (no cloak)
rCorr   .          Rampage  .   (no gloves)
Will    .....                   (no boots)
Stlth   ..........              (no amulet)
HPRegen 0.13/turn               (no ring)
MPRegen 0.08/turn               (no ring)

@: no status effects
A: horns 2, retaliatory headbutt
a: Renounce Religion, Berserk, Trog's Hand


You were on level 2 of the Dungeon.
You worshipped Trog.
Trog was pleased with you.
You visited 1 branch of the dungeon, and saw 2 of its levels.

You collected 66 gold pieces.

Inventory:

Hand Weapons
 a - a +0 hand axe (weapon)
Armour
 b - a +0 animal skin
 c - a +2 plate armour of fire resistance (worn)
Scrolls
 e - a scroll of vulnerability {unknown}
 f - a scroll of teleportation


   Skills:
 + Level 4.9 Fighting
 + Level 4.4 Axes
 + Level 2.7 Armour
 + Level 2.6 Dodging


You had 3 spell levels left.
You didn't know any spells.
Your spell library was empty.

Dungeon Overview and Level Annotations

Branches:
Dungeon (2/15)

Altars:


Innate Abilities, Weirdness & Mutations

You have a pair of horns on your head.
You reflexively headbutt those who attack you in melee.


Message History

You kill the gnoll!
Trog accepts your kill.
Things that are here:
a +0 spear; a gnoll corpse A quokka comes into view.
A bat comes into view.
There is an open door here.
The bat barely misses you. You furiously retaliate!
You headbutt the bat. You hit the bat.
You kill the bat!
Trog accepts your kill.
You have reached level 4!
You feel agile.
You hit the quokka. Your headbutt misses the quokka.
The quokka is severely wounded.
The quokka bites you but does no damage.
You closely miss the quokka.
The quokka is severely wounded.
The quokka bites you but does no damage.
You slash the quokka!
You kill the quokka!
Trog accepts your kill.
A gnoll comes into view. It is wielding a +0 halberd.
The gnoll shouts!
You see here 17 gold pieces.
You now have 66 gold pieces (gained 17).
A rat comes into view.
The gnoll hits you with a +0 halberd.
* * * LOW HITPOINT WARNING * * *
You hit the gnoll.
The gnoll is lightly wounded.
The gnoll barely misses you.
You closely miss the gnoll. You headbutt the gnoll!
The gnoll is heavily wounded.
The gnoll hits you but does no damage.
You barely miss the gnoll.
You headbutt the gnoll, but do no damage.
The gnoll is heavily wounded.
The gnoll barely misses you. The gnoll hits you with a +0 halberd!
You die...

#†......# ......#
##<####### #.....#
##..†## .....##
###.#.#.# #.....# .
......#.# ##.....#..
###.###.#
####.....#.#.
##...#####.'.††.......
####......##.....#.#
#.###.####@)...#
####.# #.# #.g...#
.....##.# ...r.##
.....#.# .#.....#
......#.###......#
#.##.#.#.# ......# #.
#.#.#.# $....#.
#...).# .....#.#.
###.###....


You could see a gnoll and a rat.

Vanquished Creatures
  2 gnolls (D:2)
  An adder (D:2)
  2 dart slugs (D:1)
  3 ball pythons (D:1)
  5 bats
  4 endoplasms (D:1)
  A giant cockroach (D:1)
  2 goblins (D:1)
  3 hobgoblins
  4 jackals (D:2)
  4 kobolds (D:1)
  A quokka (D:2)
  A frilled lizard (D:1)
33 creatures vanquished.

Notes
Turn   | Place    | Note
-------+----------+-------------------------------------------
     0 | D:1      | munchyjoey the Minotaur Berserker began the quest for the
                  | Orb.
     0 | D:1      | Reached XP level 1. HP: 19/19 MP: 0/0
   242 | D:1      | Reached XP level 2. HP: 27/27 MP: 1/1
   363 | D:1      | Found a faded altar of an unknown god.
   415 | D:1      | Reached XP level 3. HP: 24/34 MP: 2/2
   523 | D:2      | Reached ** piety under Trog
   558 | D:2      | Reached XP level 4. HP: 10/41 MP: 3/3
   568 | D:2      | Slain by a gnoll

Illustrated notes

Levels and vault maps discovered:
D:1:      roderic_chinese_lattice_arrival, layout_basic,
          hellmonk_ecumenical_altar_blasted
D:2:      wad_pebble_path, layout_loops_corners

Skill      XL: |  1  2 |
---------------+-------+-----
Fighting       | 4 |  4.9
Axes           | 4 |  4.4
Armour         | |  2.7
Dodging        | |  2.6

Action                   |  1- 3 |  4- 6 || total
-------------------------+-------+-------++-------
Melee: Hand axe          |    68 |     6 ||    74
       Headbutt          |     8 |     2 ||    10
       Punch             |     1 |       ||     1
Invok: Berserk           |     1 |       ||     1
  Use: Scroll            |     3 |       ||     3
       Potion            |     1 |       ||     1
Armor: Plate armour      |    61 |     3 ||    64
Dodge: Dodged            |    38 |     2 ||    40
